 Dungeon Crawl Stone Soup version 0.29-a0-700-g2f1814c7b2 (webtiles) character file.

Game seed: 3282500762717633055

142307 Armakuni the Exorcist (level 17, -27/137 HPs)
             Began as a Human Artificer on June 25, 2022.
             Was an Elder of the Shining One.
             Annihilated by an alligator (33 damage)
             ... called by a spriggan druid
             ... on level 4 of the Swamp.
             The game lasted 01:33:37 (38983 turns).

Armakuni the Exorcist (Human Artificer)            Turns: 38983, Time: 01:33:38

Health: -27/137    AC: 18    Str: 15    XL:     17   Next: 96%
Magic:  6/28       EV: 19    Int: 16    God:    the Shining One [****..]
Gold:   2962       SH:  0    Dex: 17    Spells: 3/18 levels left

rFire   + + +      SeeInvis +   a - +7 sacred scourge (holy)
rCold   + . .      Faith    .   J - +3 buckler {rF+}
rNeg    + + .      Spirit   .   b - +0 swamp dragon scales
rPois   +          Reflect  .   H - +1 hat of Thoughtfulness {rPois Dex+2}
rElec   .          Harm     .   B - +0 cloak
rCorr   +          Rampage  .   (no gloves)
Will    +....                   L - +0 pair of boots of Analysis {rF++ rC+ rCorr SInv}
Stlth   ..........              R - amulet of regeneration
HPRegen 1.12/turn               A - +4 ring of protection
MPRegen 0.21/turn               E - +4 ring of evasion

@: confused, mighty, divinely shielded, ambrosia-drunk, glowing, very slow
A: no striking features
a: Renounce Religion, Divine Shield, Cleansing Flame


You were on level 4 of the Swamp.
You worshipped the Shining One.
The Shining One was greatly pleased with you.
You visited 5 branches of the dungeon, and saw 27 of its levels.
You visited the Abyss 1 time.
You also visited: Ossuary.

You collected 3672 gold pieces.
You spent 710 gold pieces at shops.

Inventory:

Hand Weapons
 a - a +7 sacred scourge of holy wrath (weapon)
Missiles
 y - 18 curare-tipped darts (quivered)
Armour
 b - +0 swamp dragon scales (worn)
 B - a +0 cloak (worn)
 H - the +1 hat of Thoughtfulness (worn) {rPois Dex+2}
   (You found it on level 12 of the Dungeon)

   Dex:       It affects your dexterity (+2).
   rPois:     It protects you from poison.
 J - a +3 buckler of fire resistance (worn)
 L - the +0 pair of boots of Analysis (worn) {rF++ rC+ rCorr SInv}
   (You acquired it on level 11 of the Dungeon)

   rF:        It greatly protects you from fire.
   rC:        It protects you from cold.
   SInv:      It lets you see invisible.
   rCorr:     It protects you from acid and corrosion.
Magical Staves
 i - a staff of air
Jewellery
 z - a +4 ring of evasion
 A - a +4 ring of protection (left hand)
 E - a +4 ring of evasion (right hand)
 R - an amulet of regeneration (around neck)
 V - a +6 ring of strength
Wands
 h - a wand of iceblast (2)
 k - a wand of digging (15)
 p - a wand of polymorph (2)
 v - a wand of flame (7)
 O - a wand of mindburst (5)
Scrolls
 d - 7 scrolls of teleportation
 q - 7 scrolls of immolation
 u - 2 scrolls of magic mapping
 F - 4 scrolls of fog
 K - a scroll of silence
 M - a scroll of enchant armour
 N - 5 scrolls of amnesia
 P - a scroll of vulnerability
 X - 9 scrolls of noise
Potions
 e - 4 potions of lignification
 g - 8 potions of curing
 j - 4 potions of brilliance
 n - 5 potions of flight
 o - a potion of berserk rage
 r - 2 potions of magic
 s - 5 potions of haste
 C - 5 potions of ambrosia
 D - 3 potions of mutation
 G - 3 potions of cancellation
Miscellaneous
 m - a phantom mirror (inert)
 t - a tin of tremorstones (2/2)
 I - a phial of floods


   Skills:
 - Level 13.5 Fighting
 - Level 10.2(12.6) Maces & Flails
 - Level 11.9(13.4) Staves
 - Level 1.0(1.1) Slings
 - Level 0.6(1.0) Throwing
 - Level 10.0 Armour
 - Level 10.0 Dodging
 - Level 1.0 Stealth
 - Level 4.0 Shields
 - Level 1.0 Spellcasting
 + Level 6.9 Summonings
 - Level 2.0 Translocations
 - Level 6.0 Transmutations
 - Level 15.0 Invocations
 - Level 10.0 Evocations


You had 3 spell levels left.
You knew the following spells:

 Your Spells              Type           Power      Damage    Failure   Level
a - Animate Armour        Summ/Erth      22%        N/A       77%         4
b - Blink                 Tloc           14%        N/A       32%         2
h - Summon Hydra          Summ           11%        N/A       100%        7
w - Wereblood             Tmut           20%        N/A       6%          2

Your spell library contained the following spells:

 Spells                   Type           Power      Damage    Failure   Level
 Beastly Appendage        Tmut           40%        N/A       4%          1
 Passwall                 Tmut/Erth      8%         N/A       22%         2
 Summon Guardian Golem    Hex/Summ       11%        N/A       36%         3
 Spider Form              Tmut/Pois      10%        N/A       41%         3
 Sandblast                Erth           0%         2d4       45%         1
 Sublimation of Blood     Necr           0%         N/A       58%         2
 Portal Projectile        Hex/Tloc       8%         N/A       69%         3
 Inner Flame              Hex/Fire       0%         N/A       83%         3
 Stone Arrow              Conj/Erth      0%         3d7       83%         3
 Tukima's Dance           Hex            0%         N/A       83%         3
 Blade Hands              Tmut           10%        N/A       75%         5
 Summon Lightning Spire   Summ/Air       11%        N/A       77%         4
 Manifold Assault         Tloc           7%         N/A       99%         5
 Freezing Cloud           Conj/Ice/Air   0%         6-21      100%        5
 Iron Shot                Conj/Erth      0%         9d1       100%        6
 Simulacrum               Ice/Necr       0%         N/A       100%        6
 Orb of Destruction       Conj           0%         9d5       100%        7
 Spellforged Servitor     Conj/Summ      5%         N/A       100%        7
 Storm Form               Tmut/Air       5%         N/A       100%        7
 Maxwell's Capacitive Co  Air            0%         ∞         100%        8
 Fire Storm               Conj/Fire      0%         5d1       100%        9
 Polar Vortex             Ice            0%         N/A       100%        9


Dungeon Overview and Level Annotations

Branches:
Dungeon (14/15)            Temple (1/1) D:7            Lair (6/6) D:9
  Swamp (4/4) Lair:3        Snake (0/4) Lair:2        Slime (0/5) Lair:6
    Orc (2/2) D:10            Elf (0/3) Orc:2        Vaults (0/5) D:13
Ossuary (visited)

Altars:
Ashenzari
Cheibriados
Dithmenos
Elyvilon
Fedhas
Gozag
Hepliaklqana
Kikubaaqudgha
Makhleb
Nemelex Xobeh
Okawaru
Qazlal
Ru
Sif Muna
Trog
Uskayaw
Vehumet
Wu Jian
Xom
Yredelemnul
Zin
The Shining One
Beogh
Jiyva

Shops:
D:8 *   Orc:1 (   Orc:2 (![

Annotations:
D:14 Jorgrun


Message History

You feel sick.
You are no longer poisoned.
You hit the swamp worm.
The swamp worm is severely wounded.
The alligator misses you.
The alligator tail-slaps you but does no damage.
The thorn hunter gestures.
Thorny briars emerge from the ground!
The swamp worm misses you.
Your unstable footing causes you to fumble your attack.
The alligator barely misses you. You block the alligator's attack.
You thrash the swamp worm!!
You kill the swamp worm!
The thorn hunter fires a volley of thorns at you.
You block the volley of thorns.
A swamp worm comes into view.
You feel much better.
Your bunyip barely misses the thorn hunter.
Your bunyip claws the thorn hunter!
Your bunyip closely misses the thorn hunter.
The alligator bites you!!
* * * LOW HITPOINT WARNING * * *
You block the alligator's attack.
The thorn hunter gestures.
The swamp worm bites you!
* * * LOW HITPOINT WARNING * * *
You block the alligator's attack. The alligator completely misses you.
Okay, then.
Okay, then.
Unknown command.
You don't have enough magic at the moment.
Unknown command.
You are confused.
You feel invigorated.
The thorn hunter fires a volley of thorns at you.
The volley of thorns hits you! The Shining One protects you from harm!
The swamp worm bites you.
* * * LOW HITPOINT WARNING * * *
The alligator bites you!!
You die...

≈..♣ .. ≈.. #.#
## ..♣
#P.♣♣.♣♣♣♣.≈♣
#PP.≈≈...≈..♣
♣.≈≈.≈..≈♣
#≈.≈.†)§#
♣.§t@f# ##.≈wx#
≈≈ ♣♣♣# ##≈†#♣
#≈≈≈
♣.♣.#♣.?w##♣≈.≈§
.§.
♣.PP≈.≈))≈§.....
♣..≈
♣.≈≈≈PPPPP.♣..≈≈
§≈≈.


♣≈.PPPPPPP♣≈♣ .≈ ≈≈≈. ♣♣♣PPP††[≈♣♣≈≈ §≈.≈♣♣♣♣♣♣♣PPPPP♣♣♣ ≈≈≈ You could see a
thorn hunter (ally target), an alligator (strong, swift), 2 swamp worms and a
friendly bunyip (summoned, drained).

Vanquished Creatures
  A dread lich (Abyss:2)
  A thorn hunter (Swamp:4)
  Donald (Orc:1)
  A hydra skeleton (Swamp:4)
  2 vampire knights (Swamp:4)
  An eleionoma (Swamp:1)
  3 dire elephants (Lair:6)
  12 bunyips
  An eidolon (Abyss:2)
  2 shambling mangroves (Swamp:4)
  A fire dragon (D:13)
  2 catoblepae
  The ghost of Torious the Devastator, a journeyman DECj of Sif Muna (D:12)
  12 hydras
  An ogre mage (D:14)
  3 vault guards (D:13)
  4 ghost crabs
  5 boulder beetles
  A centaur warrior (D:14)
  A naga warrior (Abyss:2)
  4 two-headed ogres
  2 death yaks
  A thrashing horror (Abyss:2)
  3 alligators
  2 orc high priests (Orc:2)
  A tengu warrior (D:13)
  Nergalle (Orc:1)
  Amaemon (D:7)
  6 spriggan druids
  A spectral death yak (Lair:6)
  5 goliath frogs
  A deep troll (Lair:6)
  4 orc knights
  A spectral anaconda (Lair:6)
  A lindwurm (Lair:6)
  4 bog bodies
  2 phantasmal warriors (Swamp:4)
  An obsidian statue (Lair:6)
  A wizard (D:13)
  2 spectral hydras (Swamp:4)
  3 swamp dragons
  A deep elf pyromancer (D:14)
  2 will-o-the-wisps (Swamp:3)
  4 necromancers
  2 orc sorcerers (Orc:2)
  4 ugly things
  4 large abominations (Abyss:2)
  7 elephants
  A dire elephant zombie (Lair:6)
  A salamander (Abyss:2)
  8 cyclopes
  An orange demon (D:8)
  9 black mambas
  A guardian serpent (Abyss:2)
  An apocalypse crab (Abyss:2)
  13 cane toads
  A gargoyle (D:11)
  3 rime drakes
  An ancient zyme (Abyss:2)
  A rime drake (shapeshifter) (D:13)
  A tengu conjurer (D:13)
  10 komodo dragons
  A kobold demonologist (D:13)
  A queen bee (D:12)
  A hydra zombie (Swamp:4)
  6 tyrant leeches
  5 meliai
  2 polar bears
  4 trolls
  A bloated husk (Swamp:1)
  2 death drake zombies (Swamp:4)
  2 raiju (Abyss:2)
  Prince Ribbit (Temple)
  31 blink frogs
  6 slime creatures
  10 hornets
  2 spectral elephants (Lair:6)
  A death drake skeleton (Swamp:4)
  Sigmund (D:5)
  A shadow (D:9)
  4 small abominations (Abyss:2)
  A dire elephant simulacrum (Lair:6)
  7 wraiths
  12 spriggans
  3 wyverns
  37 yaks
  A golden eye (shapeshifter) (D:14)
  7 basilisks
  4 humans (D:13)
  5 golden eyes (Abyss:2)
  A chaos spawn (Abyss:2)
  2 steam dragons
  3 wargs
  18 vampire mosquitoes
  2 death yak simulacra (Lair:6)
  14 swamp worms
  6 spectral cane toads (Lair:6)
  Duvessa (D:5)
  16 water moccasins
  3 hydra simulacra (Swamp:4)
  6 swamp drakes
  5 ice beasts
  A sky beast (D:6)
  23 orc warriors
  3 ogres
  3 swamp dragon zombies (Swamp:4)
  21 wolves
  A swamp dragon skeleton (Swamp:4)
  2 elephant zombies (Lair:6)
  4 centaurs
  An elephant skeleton (Lair:6)
  2 phantoms
  Blork the orc (D:4)
  2 kobold brigands
  A necrophage (D:7)
  A gnoll sergeant (D:11)
  14 bullfrogs
  8 scorpions
  9 wights
  An elephant simulacrum (Lair:6)
  Dowan (D:5)
  11 killer bees
  4 howler monkeys
  A crimson imp (D:9)
  2 centaur zombies (Ossuary)
  6 hounds
  A jelly (D:6)
  A gnoll shaman (D:5)
  17 orc priests
  2 human zombies (Ossuary)
  7 hell rats (Lair:4)
  3 iguanas
  31 orc wizards
  4 mummies (Ossuary)
  Robin (D:2)
  18 gnolls
  7 adders
  3 white imps
  3 ufetubi
  5 worms
  3 dart slugs
  63 orcs
  7 ball pythons
  11 bats
  6 endoplasms
  5 giant cockroaches
  A gnoll zombie (Ossuary)
  15 goblins
  11 hobgoblins
  4 quokkas
  5 frilled lizards
  2 goblin zombies (Ossuary)
  A hobgoblin zombie (Ossuary)
  15 kobolds
  10 rats
  A butterfly (Lair:3)
801 creatures vanquished.

Vanquished Creatures (collateral kills)
  Gastronok (D:8)
  A dire elephant (Lair:6)
  A bunyip (Swamp:4)
  An orc knight (Orc:2)
  An orc sorcerer (Orc:2)
  2 ugly things (D:14)
  A blink frog (Lair:6)
  8 yaks
  A wyvern (D:9)
  2 water moccasins (D:9)
  An orc warrior (Orc:2)
  A swamp drake (Swamp:4)
  A necrophage (D:7)
  A gnoll sergeant (D:9)
  A jelly (D:6)
  2 gnolls
  An orc (Orc:2)
  A goblin (D:1)
  A quokka (D:4)
  A kobold (D:4)
30 creatures vanquished.

Vanquished Creatures (others)
  5 swamp dragons
  An ugly thing (D:14)
  A cane toad (Lair:1)
  3 bloated husks
  A tyrant leech (Swamp:1)
  A basilisk (D:9)
  4 humans (D:13)
  A yak (Lair:1)
  A vampire mosquito (Swamp:2)
  A scorpion (D:5)
  An adder (D:5)
  8 foxfires
  32 fungi
  102 plants
  3 starspawn tentacles (Abyss:2)
  10 withered plants (Lair:6)
175 creatures vanquished.

Grand Total: 1006 creatures vanquished

Notes
Turn   | Place    | Note
-------+----------+-------------------------------------------
     0 | D:1      | Armakuni the Human Artificer began the quest for the Orb.
     0 | D:1      | Reached XP level 1. HP: 15/15 MP: 1/1
   206 | D:1      | Reached XP level 2. HP: 18/22 MP: 2/2
   356 | D:1      | Found a faded altar of an unknown god.
   851 | D:1      | Reached skill level 1 in Maces & Flails
  1559 | D:2      | Reached XP level 3. HP: 27/27 MP: 3/3
  2413 | D:2      | Reached XP level 4. HP: 33/33 MP: 4/4
  2428 | D:2      | Reached skill level 1 in Slings
  2769 | D:3      | Found an ancient bone altar of Kikubaaqudgha.
  2972 | D:3      | Noticed Robin
  3100 | D:2      | Killed Robin
  3101 | D:2      | Reached XP level 5. HP: 28/39 MP: 5/5
  3632 | D:3      | Found a basalt altar of Yredelemnul.
  4054 | D:4      | Noticed Blork the orc
  4073 | D:4      | Killed Blork the orc
  4074 | D:4      | Reached skill level 1 in Staves
  4074 | D:4      | Reached XP level 6. HP: 18/47 MP: 6/6
  4993 | D:4      | Reached XP level 7. HP: 51/52 MP: 7/7
  5224 | D:4      | Found a hide-covered altar of Uskayaw.
  5709 | D:5      | Entered Level 5 of the Dungeon
  5820 | D:5      | Reached skill level 5 in Staves
  5926 | D:5      | Reached XP level 8. HP: 17/58 MP: 8/8
  6513 | D:5      | Noticed Duvessa
  6524 | D:5      | Noticed Dowan
  6529 | D:5      | Killed Duvessa
  6529 | D:5      | Killed Dowan
  6530 | D:5      | Reached skill level 5 in Evocations
  7346 | D:5      | Noticed Sigmund
  7351 | D:5      | Killed Sigmund
  7352 | D:5      | Reached XP level 9. HP: 63/65 MP: 9/9
  8024 | D:6      | Found a sacrificial altar of Ru.
  8316 | D:6      | Reached skill level 5 in Fighting
  8712 | D:7      | Found a sand-covered staircase.
  8720 | Ossuary  | Entered an ossuary
  9414 | D:7      | Found a staircase to the Ecumenical Temple.
  9430 | D:7      | Noticed Prince Ribbit
  9433 | Temple   | Entered the Ecumenical Temple
  9447 | Temple   | Reached skill level 10 in Staves
  9762 | Temple   | Became a worshipper of Elyvilon the Healer
  9809 | Temple   | Killed Prince Ribbit
  9810 | Temple   | Reached XP level 10. HP: 56/74 MP: 10/10
 10245 | D:7      | Found a radiant altar of Vehumet.
 10382 | D:8      | Noticed Amaemon
 10382 | D:8      | Noticed an orange demon
 10402 | D:7      | Killed Amaemon
 10724 | Temple   | Fell from the grace of Elyvilon
 10724 | Temple   | Became a worshipper of the Shining One
 10757 | D:7      | Reached skill level 6 in Invocations
 10757 | D:7      | Reached XP level 11. HP: 86/86 MP: 10/15
 11055 | D:8      | Reached * piety under the Shining One
 11253 | D:8      | Found Duav's General Store.
 11274 | D:8      | Bought a potion of heal wounds for 65 gold pieces
 11274 | D:8      | Bought a potion of berserk rage for 65 gold pieces
 11274 | D:8      | Bought a scroll of teleportation for 39 gold pieces
 11396 | D:8      | Noticed Gastronok
 11424 | D:8      | Killed Gastronok
 11425 | D:8      | Reached skill level 5 in Maces & Flails
 11899 | D:9      | Noticed a two-headed ogre
 12321 | D:9      | Reached ** piety under the Shining One
 12333 | D:9      | Reached XP level 12. HP: 82/92 MP: 16/16
 12339 | D:9      | Found a staircase to the Lair.
 12674 | D:9      | Killed a two-headed ogre
 13363 | D:9      | Learned a level 2 spell: Blink
 13366 | D:9      | Learned a level 2 spell: Wereblood
 13543 | Lair:1   | Entered Level 1 of the Lair of Beasts
 14317 | Lair:1   | Noticed a five-headed hydra
 14329 | Lair:1   | Killed a five-headed hydra
 16007 | D:10     | Entered Level 10 of the Dungeon
 16336 | D:10     | Found a staircase to the Orcish Mines.
 16465 | D:10     | Reached skill level 5 in Armour
 16465 | D:10     | Reached skill level 5 in Dodging
 16906 | D:10     | Reached XP level 13. HP: 100/100 MP: 17/17
 17391 | D:11     | Reached *** piety under the Shining One
 17620 | D:11     | Identified a scroll of acquirement
 17621 | D:11     | Acquired the +0 pair of boots of Analysis {rF++ rC+ rCorr
                  | SInv}
 18536 | D:12     | Found a stormy altar of Qazlal.
 18743 | D:12     | Found a transporter.
 18743 | D:12     | Noticed Torious's ghost (journeyman DECj)
 18744 | D:12     | Found a transporter.
 19369 | D:13     | Reached **** piety under the Shining One
 19455 | D:13     | Reached skill level 10 in Fighting
 19557 | Abyss:2  | Cast into level 2 of the Abyss (a wizard)
 19595 | Abyss:2  | The Shining One protects you from harm!
 19785 | Abyss:2  | Noticed a starcursed mass
 19946 | Abyss:2  | Found a corrupted altar of Lugonu.
 19978 | Abyss:2  | Reached skill level 7 in Invocations
 20171 | Abyss:2  | Noticed a rakshasa
 20172 | Abyss:2  | Noticed a tentacled starspawn
 20307 | Abyss:2  | Noticed a pearl dragon
 20308 | Abyss:2  | Noticed an ancient lich
 20346 | Abyss:2  | Found a corrupted altar of Lugonu.
 20415 | Abyss:2  | Found a corrupted altar of Lugonu.
 20469 | Abyss:2  | Reached skill level 8 in Invocations
 20677 | Abyss:2  | Noticed a dread lich
 20686 | Abyss:2  | Noticed an eidolon
 20691 | Abyss:2  | Killed a dread lich
 20692 | Abyss:2  | Reached skill level 10 in Invocations
 20692 | Abyss:2  | Reached XP level 14. HP: 90/110 MP: 14/21
 20695 | Abyss:2  | Noticed a starcursed mass
 20700 | D:13     | Escaped the Abyss
 21440 | D:12     | Reached skill level 11 in Invocations
 22477 | D:13     | Reached skill level 12 in Invocations
 23525 | D:13     | Found a gate to the Vaults.
 24388 | Orc:1    | Entered Level 1 of the Orcish Mines
 25101 | Orc:1    | Noticed Nergalle
 25101 | Orc:1    | Reached ***** piety under the Shining One
 25313 | Orc:1    | Killed Nergalle
 25314 | Orc:1    | Reached skill level 10 in Evocations
 25337 | Orc:1    | Found Xoeb's Firing Range.
 25340 | Orc:1    | Bought a throwing net for 51 gold pieces
 25780 | Orc:2    | Entered Level 2 of the Orcish Mines
 25874 | Orc:2    | Noticed Donald
 26570 | Orc:1    | Reached XP level 15. HP: 97/115 MP: 24/24
 26608 | Orc:1    | Killed Donald
 27185 | Orc:2    | Found a staircase to the Elven Halls.
 28310 | Orc:2    | Found Sohough's Armour Shop.
 28310 | Orc:2    | Found Gore's Weapon Emporium.
 28313 | Orc:2    | Found Xatuanob's Distillery.
 28313 | Orc:2    | Found Reow's Assorted Antiques.
 28332 | Orc:2    | Bought a potion of heal wounds for 70 gold pieces
 28336 | Orc:2    | Bought a potion of curing for 42 gold pieces
 28336 | Orc:2    | Bought a potion of curing for 42 gold pieces
 28336 | Orc:2    | Bought a potion of mutation for 112 gold pieces
 28336 | Orc:2    | Bought a potion of mutation for 112 gold pieces
 28336 | Orc:2    | Bought a potion of might for 56 gold pieces
 28336 | Orc:2    | Bought a potion of might for 56 gold pieces
 28806 | D:12     | Killed Torious's ghost
 29145 | D:12     | Identified the +1 hat of Thoughtfulness {rPois Dex+2}
 29725 | D:14     | Noticed Jorgrun
 31105 | Lair:2   | Reached ****** piety under the Shining One
 31106 | Lair:2   | Identified a +6 sacred scourge of holy wrath (a +4 demon
                  | whip of venom blessed by the Shining One)
 31106 | Lair:2   | Received a gift from the Shining One
 31124 | Lair:2   | Reached skill level 10 in Armour
 31124 | Lair:2   | Reached skill level 10 in Dodging
 31347 | Lair:2   | Found a staircase to the Snake Pit.
 31359 | Lair:2   | Reached skill level 1 in Shields
 31705 | Lair:3   | Found an ancient bone altar of Kikubaaqudgha.
 31762 | Lair:3   | Reached skill level 13 in Invocations
 32444 | Lair:3   | Found a staircase to the Swamp.
 33163 | Lair:4   | Reached XP level 16. HP: 101/122 MP: 21/26
 33694 | Lair:5   | Reached skill level 14 in Invocations
 34370 | Lair:6   | Entered Level 6 of the Lair of Beasts
 34644 | Lair:6   | Found a staircase to the Slime Pits.
 34644 | Lair:6   | Found a viscous altar of Jiyva.
 34658 | Lair:6   | Got the Volume of the Fiery Compass
 34944 | Lair:6   | Noticed Nessos
 34945 | Lair:6   | Noticed Nessos
 34945 | Lair:6   | Nessos changed into Nessos the deep troll
 34960 | Lair:6   | Killed Nessos the deep troll
 35250 | Lair:6   | Reached skill level 15 in Invocations
 35472 | Lair:6   | Acquired 902 gold pieces
 36008 | Swamp:1  | Entered Level 1 of the Swamp
 36863 | Swamp:2  | Reached XP level 17. HP: 52/137 MP: 17/28
 37068 | Swamp:2  | HP: 6/137 [bunyip[a spriggan druid] (9)]
 37068 | Swamp:2  | The Shining One protects you from harm!
 37143 | Swamp:2  | Learned a level 7 spell: Summon Hydra
 37148 | Swamp:2  | Learned a level 4 spell: Animate Armour
 37210 | Swamp:2  | Reached skill level 1 in Summonings
 37501 | Swamp:2  | The Shining One protects you from harm!
 37510 | Swamp:2  | Reached skill level 10 in Maces & Flails
 38179 | Swamp:3  | Reached skill level 1 in Translocations
 38179 | Swamp:3  | Reached skill level 1 in Transmutations
 38704 | Swamp:4  | Entered Level 4 of the Swamp
 38856 | Swamp:4  | Reached skill level 5 in Transmutations
 38896 | Swamp:4  | Reached skill level 1 in Spellcasting
 38917 | Swamp:4  | Reached skill level 5 in Summonings
 38926 | Swamp:4  | Noticed a thorn hunter
 38941 | Swamp:4  | Killed a thorn hunter
 38964 | Swamp:4  | Noticed a thorn hunter
 38982 | Swamp:4  | HP: 4/137 [swamp worm[a spriggan druid] (15)]
 38983 | Swamp:4  | The Shining One protects you from harm!
 38983 | Swamp:4  | Annihilated by an alligator

Illustrated notes

Levels and vault maps discovered:
D:1:      shiori_arrival_maze, layout_loops_corners,
          chequers_ecumenical_altar_island, roderic_lattice_a
D:2:      layout_basic, minmay_increasing_density
D:3:      layout_loops_ring, amcnicky_altar_gilded, yredelemnul_altar_generic,
          chequers_serial_rivers_micro_b, uniq_robin
D:4:      minmay_razor_zed, layout_basic, eat_drink_and_be_merry_uskayaw,
          uniq_blork_the_orc
D:5:      layout_layer_cave, minmay_misc_feat_doors, palyth_stone_intersect,
          lemuel_old_faithful, uniq_duvessa, uniq_sigmund
D:6:      layout_loops_ring, nicolae_ru_great_annihilating_truth
D:7:      layout_rooms, nicolae_vehumet_radiance, minmay_temple_entry_mist,
          lightli_ossuary_entry_decrepit_ruins, enter_bailey_4,
          uniq_prince_ribbit1
D:8:      layout_cave_pools, serial_shops, nicolae_lakefront_shop, uniq_amaemon,
          uniq_gastronok
D:9:      layout_loops_cross, minmay_lair_entry_grove, nrook_uturn,
          minmay_fire_ice_demons
D:10:     layout_stronghold, orc_0_dummy, minmay_librarian
D:11:     layout_basic, serial_ice, serial_ice_f, serial_ice_b, serial_ice_o,
          serial_ice_c
D:12:     layout_long_grid, gammafunk_ghost_hive,
          nicolae_qazlal_style_of_elements
D:13:     kennysheep_six_static_rooms, layout_rooms, ximxim_vaults_locker_room,
          grunt_decor_one_mirror
D:14:     nicolae_hexawheel, layout_basic, tso_metal_star, uniq_jorgrun
Temple:   bh_familiar_temple
Lair:1:   layout_loops_ring, serial_rivers, chequers_serial_rivers_room_a,
          chequers_serial_rivers_small_b, chequers_serial_rivers_micro_e,
          chequers_serial_rivers_small_b, chequers_serial_rivers_marsh,
          mumra_transporter_accident, st_stairs_3, serial_bayou_shore_b,
          grunt_megastairs_1
Lair:2:   layout_loops_ring, minmay_snake_entry_six_corridors,
          patterned_corridor
Lair:3:   layout_roguey, swamp_mist, serial_forest,
          infiniplex_forest_straight_4, infiniplex_forest_clump_small,
          infiniplex_forest_clump_diagonal, infiniplex_forest_split,
          infiniplex_forest_pool, infiniplex_forest_lined_3,
          infiniplex_forest_clump_long, infiniplex_forest_zigzag_1, basic_altar,
          lemuel_fruit_fields
Lair:4:   layout_gridlike, infiniplex_staircase_pool_2, lemuel_fruit_tree
Lair:5:   layout_concentric_octagons, chequers_serial_rivers_large_a,
          eino_small_chamber_without_monster, st_stairs_12, minivault_19,
          wad_woods_road_06
Lair:6:   due_jungle_book, layout_misc_corridors, slime_entry_1,
          chequers_serial_rivers_micro_a, uniq_nessos
Swamp:1:  layout_falls_marsh, evilmike_swamp_ruin_wall, swamp_pool1,
          nicolae_swamp_small_spring
Swamp:2:  layout_basic_swamp, evilmike_swamp_ruin_house_1, swamp_pool5,
          nicolae_swamp_bunyip_nook
Swamp:3:  layout_falls_marsh, evilmike_swamp_ruin_house_5, swamp_pool4
Swamp:4:  byrel_swamp_growth_death_and_undeath, layout_basic_swamp, swamp_pool3,
          infiniplex_staircase_pool
Orc:1:    layout_caves, portal_ice_cave_entry_pillars_1,
          nicolae_shop_firing_range, uniq_nergalle
Orc:2:    grunt_orc_tribal_feast, layout_caves, basic_altar, uniq_donald

Skill      XL: |  1  2  3  4  5  6  7  8  9 10 11 12 13 14 15 16 17 |
---------------+----------------------------------------------------+-----
Fighting       | 2 3 5 7 8 10 13 | 13.5
Maces & Flails | 1 6 9 10 | 10.2
Dodging        | 2 3 5 7 10 | 10.0
Slings         | 1 |  1.0
Armour         | 3 5 7 10 | 10.0
Staves         | 1 3 5 7 10 11 | 11.9
Evocations     | 4 5 7 10 | 10.0
Invocations    | 6 10 12 13 15 | 15.0
Shields        | 4 |  4.0
Summonings     | 6 |  6.9
Translocations | 2 |  2.0
Transmutations | 6 |  6.0
Spellcasting   | 1 |  1.0
Throwing       | |  0.6
Stealth        | |  1.0

Action                   |  1- 3 |  4- 6 |  7- 9 | 10-12 | 13-15 | 16-18 || total
-------------------------+-------+-------+-------+-------+-------+-------++-------
Melee: Club              |    60 |       |       |       |       |       ||    60
       Punch             |     1 |     3 |     1 |       |       |       ||     5
       Whip              |       |   136 |    24 |    20 |       |       ||   180
       Flail             |       |       |    58 |       |       |       ||    58
       Quarterstaff      |       |       |   281 |    90 |       |       ||   371
       Dire flail        |       |       |       |   315 |  1170 |       ||  1485
       Sacred scourge    |       |       |       |       |   179 |  1038 ||  1217
 Fire: Hunting sling     |    67 |   123 |       |       |       |       ||   190
Throw: Dart              |       |       |       |     3 |    32 |    24 ||    59
       Throwing net      |       |       |       |     1 |     2 |       ||     3
 Cast: Wereblood         |       |       |       |       |       |     2 ||     2
Invok: Cleansing Flame   |       |       |       |       |    14 |    21 ||    35
       Divine Shield     |       |       |       |       |    13 |    23 ||    36
       Brand Weapon With |       |       |       |       |     1 |       ||     1
Evoke: Wand              |     3 |     9 |    19 |    31 |    29 |    23 ||   114
       Tin of tremorston |       |       |       |       |     3 |     3 ||     6
       Phantom mirror    |       |       |       |       |       |     3 ||     3
       Phial of floods   |       |       |       |       |       |     2 ||     2
  Use: Potion            |       |     2 |     3 |     6 |    10 |    10 ||    31
       Scroll            |       |    11 |     5 |    10 |    21 |     5 ||    52
 Stab: Distracted        |       |     1 |       |       |       |       ||     1
       Sleeping          |       |     1 |       |       |       |       ||     1
       Paralysed         |       |       |     1 |       |       |       ||     1
Armor: Leather armour    |    28 |    79 |       |       |       |       ||   107
       Scale mail        |       |    16 |   172 |   167 |   359 |   100 ||   814
       Ring mail         |       |    10 |       |       |       |       ||    10
       Swamp dragon scal |       |       |       |       |       |   111 ||   111
Dodge: Dodged            |    57 |   170 |   174 |   180 |   838 |   401 ||  1820
Block: Other             |       |       |       |       |    18 |       ||    18
       Buckler           |       |       |       |       |    60 |   536 ||   596

Table legend: (Time is in decaauts)
 A = Elapsed time spent in this place.
 B = Non-inter-level travel time spent in this place.
 C = Inter-level travel time spent in this place.
 D = Time resting spent in this place.
 E = Time spent auto-exploring this place.
 F = Levels seen in this place.
 G = Mean time per level.
                   A        B        C        D        E       F      G
               +--------+--------+--------+--------+--------+-----+--------+
         Total |  38441 |  36930 |   1511 |  12182 |  17074 |  29 | 1325.6 |
       Dungeon |  21250 |  20296 |    954 |   6920 |   9726 |  14 | 1517.9 |
        Temple |    703 |    608 |     95 |    345 |    178 |   1 |  703.0 |
          Lair |   8099 |   7730 |    369 |   1746 |   4288 |   6 | 1349.8 |
         Swamp |   2976 |   2939 |     37 |    302 |   1673 |   4 |  744.0 |
  Orcish Mines |   3666 |   3612 |     54 |   1907 |    985 |   2 | 1833.0 |
         Abyss |   1090 |   1090 |      0 |    563 |     97 |   1 | 1090.0 |
       Ossuary |    653 |    653 |      0 |    397 |    126 |   1 |  653.0 |
               +--------+--------+--------+--------+--------+-----+--------+

Top non-repeatable levels by time:
    D:13: 2878 daAuts
   Orc:1: 2607 daAuts
  Lair:1: 2429 daAuts
    D:12: 2416 daAuts
     D:4: 1904 daAuts
    D:10: 1784 daAuts
     D:5: 1685 daAuts
  Lair:2: 1662 daAuts
     D:2: 1549 daAuts
     D:1: 1475 daAuts
     D:9: 1410 daAuts
     D:8: 1335 daAuts
  Lair:6: 1300 daAuts
 Swamp:2: 1210 daAuts
    D:11: 1146 daAuts
